 Dungeon Crawl Stone Soup version 0.29.0-4-gdea44cf6ec (webtiles) character file.

Game seed: 7689623140558152204

2 qw the Sneak (level 1, -8/14 HPs)
             Began as a Gargoyle Delver on Sept 10, 2022.
             Killed from afar by an orc wizard (14 damage)
             ... with a puff of flame
             ... on level 5 of the Dungeon.
             The game lasted 00:00:01 (50 turns).

qw the Sneak (Gargoyle Delver)                        Turns: 50, Time: 00:00:02

Health: -8/14      AC:  5    Str: 15    XL:     1   Next: 30%
Magic:  1/1        EV: 11    Int: 10    God:
Gold:   0          SH:  0    Dex: 11    Spells: 0/0 levels left

rFire   . . .      SeeInvis .   a - +0 hand axe
rCold   . . .      Faith    .   (no shield)
rNeg    + . .      Spirit   .   b - +0 leather armour
rPois   inf        Reflect  .   (no helmet)
rElec   +          Harm     .   (no cloak)
rCorr   .          Rampage  .   (no gloves)
Will    .....                   (no boots)
Stlth   +++.......              (no amulet)
HPRegen 0.04/turn               (no ring)
MPRegen 0.07/turn               (no ring)

@: no status effects
A: sickness immunity, AC +2, negative energy resistance 1, electricity
resistance, torment resistance 1, petrification resistance
a: no special abilities


You were on level 5 of the Dungeon.
You visited 1 branch of the dungeon, and saw 1 of its levels.


Innate Abilities, Weirdness & Mutations

You are immune to sickness and miasma.
Your stone body is resilient. (AC +2)
You are immune to poison.
You resist negative energy. (rN+)
You are resistant to electric shocks. (rElec)
You are resistant to unholy torment.
You are immune to petrification.


   Skills:
 - Level 3.2 Fighting
 + Level 2.0 Axes
 - Level 1.5 Dodging
 - Level 5.4 Stealth


You couldn't memorise any spells.
You didn't know any spells.
Your spell library was empty.

Inventory:

Hand Weapons
 a - a +0 hand axe (weapon)
Armour
 b - a +0 leather armour (worn)
Wands
 g - a wand of digging (3)
Scrolls
 c - a scroll of fog
 d - a scroll of magic mapping
 e - a scroll of fear
Potions
 f - a potion of haste

Dungeon Overview and Level Annotations

Branches:
Dungeon (5/15)
 Temple: D:4-7

Altars:

Annotations:
D:5 2 runed translucent doors, qw's ghost, weakling GrDe


Message History

The orc wizard is moderately wounded.
You barely miss the orc. The orc closely misses you.
The orc wizard casts a spell.
The orc wizard flickers and vanishes!
Deactivating autopickup; reactivate with Ctrl-A.
You closely miss the orc. You hit something. Something completely misses you.
The orc barely misses you.
You hit the orc.
The orc is moderately wounded.
You closely miss something. Something hits you but does no damage.
The orc barely misses you.
You barely miss the orc.
The orc is moderately wounded.
You barely miss something.
The orc wizard gestures at you while chanting.
The magic dart hits you but does no damage.
Something hits you but does no damage. The orc barely misses you.
The orc hits you with a +0 club. Something hits you but does no damage.
You hit the orc but do no damage.
The orc is moderately wounded.
You hit something but do no damage. The orc barely misses you.
Something hits you but does no damage.
You hit the orc.
The orc is severely wounded.
You hit something.
The orc drinks a potion.
The orc is healed!
The orc wizard points at you and mumbles some strange words.
The magic dart hits something.
Something hits you.
You slash the orc!
You kill the orc!
You hit something but do no damage.
Your Axes skill increases to level 2!
You hit the orc wizard but do no damage.
You miss something. Something hits you.
The orc wizard gestures at you while chanting.
The puff of flame hits you!
Ouch! That really hurt!
You die...

#..#### #..[..#
#..##.# ###
#######..##.##~.#
#...........#..#.
#.#####..#..#.}..
#.....+~..$
#.....+~#.ยค
#.)@..#W.~.
##o#..#.~.##
......#~##~
##.....###
#.....# ##.....
#. .### #. .#


You could see an orc wizard and qw's ghost.

Vanquished Creatures
  An orc (D:5)
1 creature vanquished.

Notes
Turn   | Place    | Note
-------+----------+-------------------------------------------
     0 | D:5      | qw the Gargoyle Delver began the quest for the Orb.
     0 | D:5      | Reached XP level 1. HP: 14/14 MP: 1/1
     0 | D:5      | 0 ||| qw: Version: 0.1-a-117-gfe26ee0
     0 | D:5      | 0 ||| qw: Game counter: 9567
     0 | D:5      | 0 ||| qw: Always use a shield: true
     0 | D:5      | 0 ||| qw: God list: Okawaru
     0 | D:5      | 0 ||| qw: Allow faded altars: false
     0 | D:5      | 0 ||| qw: Do Orc after D:15 true
     0 | D:5      | 0 ||| qw: Do second Lair branch before Depths: true
     0 | D:5      | 0 ||| qw: Lair rune preference: random
     0 | D:5      | 0 ||| qw: Plans: Normal
     0 | D:5      | 0 ||| PLANNING D:1-11
    28 | D:5      | Found a large runed translucent door.
    28 | D:5      | Found a large runed translucent door.
    37 | D:5      | Noticed an orc wizard
    38 | D:5      | 38 ||| Stepping ~*~*~tactically~*~*~ (stealth).
    39 | D:5      | 39 ||| Stepping ~*~*~tactically~*~*~ (stealth).
    40 | D:5      | 40 ||| Stepping ~*~*~tactically~*~*~ (hiding).
    40 | D:5      | Noticed qw's ghost (weakling GrDe)
    41 | D:5      | Noticed an orc wizard
    50 | D:5      | Killed from afar by an orc wizard

Levels and vault maps discovered:
D:5:      layout_loops_ring, mainiacjoe_overflow_catch_the_wave,
          ebering_ghost_disaster_area

Skill      XL: |  1 |
---------------+----+-----
Axes           | 2 |  2.0
Fighting       | |  3.2
Dodging        | |  1.5
Stealth        | |  5.4

Action                   || total
-------------------------++-------
Melee: Hand axe          ||     9
Armor: Leather armour    ||     5
Dodge: Dodged            ||     7

Table legend:
 A = Non-vault XP
 B = Vault XP
 C = Vault XP percentage of total XP
 D = Non-vault monster count
 E = Vault monster count
 F = Vault count percentage of total count
                 A         B        C        D         E       F
            +---------+---------+-------+---------+---------+-------
      Total |       3 |       0 |   0.0 |       1 |       0 |   0.0
            +---------+---------+-------+---------+---------+-------
        D:5 |       3 |       0 |   0.0 |       1 |       0 |   0.0
            +---------+---------+-------+---------+---------+-------
